 Dungeon Crawl Stone Soup version 0.31-a0-435-g2c6fae2916 (webtiles) character file.

Game seed: 17477223923000596973

49035 LeprechaunX the Metamorph (level 14, -4/110 HPs)
             Began as an Octopode Shapeshifter on Aug 2, 2023.
             Was an Elder of Hepliaklqana.
             Slain by a death yak (6 damage)
             ... on level 5 of the Lair of Beasts.
             The game lasted 00:26:03 (15174 turns).

LeprechaunX the Metamorph (Octopode Shapeshifter)  Turns: 15174, Time: 00:26:03

Health: -4/110     AC: 31    Str: 23    XL:     14   Next: 49%
Magic:  18/18      EV: 14    Int: 10    God:    Hepliaklqana [****..]
Gold:   1379       SH:  7    Dex: 21    Spells: 14/16 levels left

rFire   + .          .
                       - Unarmed
rCold   + . .        S - +1 buckler {rPois}
rNeg    + . .        z - +2 hat
rPois   ∞            (no amulet)
rElec   +            J - ring of flight
rCorr   .            K - ring of protection from cold
SInv    +            L - +6 ring of dexterity
Will    +....        O - ring of protection from fire
Stlth   +++          T - +6 ring of strength
HPRegen 0.38/turn    U - ring of see invisible
MPRegen 0.16/turn    (no ring)
                     (no ring)

%: no passive effects
@: mighty, statue-form, flying, very slow
A: slow and powerful, torment resistance 1, boosted hp, reduced essence, almost
no armour, amphibious, 8 rings, camouflage 1, (gelatinous body 1), (nimble
swimmer 1), tentacles
a: Begin Untransformation, Renounce Religion, Recall Ancestor, Ancestor
Identity, Transference, Idealise


You were on level 5 of the Lair of Beasts.
You worshipped Hepliaklqana.
Hepliaklqana was greatly pleased with you.
You were a living statue of rough stone.
You visited 3 branches of the dungeon, and saw 17 of its levels.
You also visited: Ossuary.

You collected 1379 gold pieces.

Inventory:

Hand Weapons
 a - a +0 orcbow
Missiles
 G - a throwing net
Armour
 z - a +2 hat (worn)
 S - a +1 buckler of poison resistance (worn)
Jewellery
 J - a ring of flight (left tentacle)
 K - a ring of protection from cold (right tentacle)
 L - a +6 ring of dexterity (on tentacle)
 O - a ring of protection from fire (on tentacle)
 Q - a ring of protection from fire
 T - a +6 ring of strength (on tentacle)
 U - a ring of see invisible (on tentacle)
 V - an amulet of magic regeneration
Talismans
 b - a beast talisman
 q - a granite talisman (active)
Wands
 v - a wand of roots (16)
 w - a wand of quicksilver (6)
 H - a wand of charming (9)
 M - a wand of flame (51)
 P - a wand of digging (21)
Scrolls
 d - 3 scrolls of revelation {unknown}
 e - 3 scrolls of amnesia {unknown}
 h - 10 scrolls of identify {unknown}
 i - 6 scrolls of fear {unknown}
 k - 7 scrolls of teleportation {unknown}
 l - 2 scrolls of blinking {unknown}
 m - 3 scrolls of enchant weapon {unknown}
 r - 6 scrolls of poison {unknown}
 s - 2 scrolls of enchant armour {unknown}
 u - 3 scrolls of noise {unknown}
 y - a scroll of vulnerability {unknown}
 C - 2 scrolls of torment {unknown}
 D - a scroll of silence {unknown}
 F - 2 scrolls of fog {unknown}
 R - a scroll of immolation {unknown}
Potions
 c - 5 potions of might
 f - 6 potions of attraction {unknown}
 g - 10 potions of heal wounds {unknown}
 j - 3 potions of haste {unknown}
 n - a potion of resistance {unknown}
 o - 2 potions of brilliance {unknown}
 p - a potion of ambrosia {unknown}
 t - 2 potions of mutation {unknown}
 x - 4 potions of lignification
 A - 4 potions of enlightenment {unknown}
 B - 3 potions of curing {unknown}
 E - a potion of magic {unknown}
 I - 2 potions of degeneration {unknown}
 N - a potion of berserk rage {unknown}


   Skills:
 + Level 8.3 Fighting
 - Level 4.0 Dodging
 + Level 6.4 Shields
 + Level 9.5 Unarmed Combat
 + Level 1.5 Spellcasting
 + Level 1.5 Translocations
 - Level 6.0 Invocations
 + Level 16.7 Shapeshifting


You had 14 spell levels left.
You knew the following spells:

 Your Spells              Type           Power      Damage    Failure   Level
a - Blink                 Tloc           6%         N/A       32%         2

Your spell library contained the following spells:

 Spells                   Type           Power      Damage    Failure   Level
 Lesser Beckoning         Tloc           6%         N/A       32%         2
 Kiss of Death            Conj/Necr      0%         2d5       36%         1
 Magic Dart               Conj           0%         1d3       36%         1
 Necrotise                Necr           0%         1d4       36%         1
 Summon Small Mammal      Summ           0%         N/A       36%         1
 Momentum Strike          Conj/Tloc      4%         3d8       41%         2
 Call Imp                 Summ           0%         N/A       52%         2
 Wereblood                Tmut           0%         N/A       52%         2
 Call Canine Familiar     Summ           0%         N/A       75%         3
 Confusing Touch          Hex            0%         N/A       75%         3
 Frozen Ramparts          Ice            0%         1d1       75%         3
 Ignite Poison            Fire/Tmut/Pois 0%         N/A       75%         3
 Mephitic Cloud           Conj/Pois/Air  0%         N/A       75%         3
 Ozocubu's Armour         Ice            0%         N/A       75%         3
 Summon Guardian Golem    Hex/Summ       0%         N/A       75%         3
 Vampiric Draining        Necr           0%         2d6       75%         3
 Manifold Assault         Tloc           3%         N/A       91%         4
 Passage of Golubria      Tloc           3%         N/A       91%         4
 Dispel Undead            Necr           0%         3d6       98%         4
 Petrify                  Tmut/Erth      0%         N/A       98%         4
 Sticky Flame             Conj/Fire      0%         2d3       98%         4
 Agony                    Necr           0%         N/A       100%        5
 Irradiate                Conj/Tmut      0%         3d11      100%        5
 Metabolic Englaciation   Hex/Ice        0%         N/A       100%        5
 Silence                  Hex/Air        0%         N/A       100%        5
 Ozocubu's Refrigeration  Ice            0%         4d7       100%        7
 Ignition                 Fire           0%         3d3       100%        8
 Lehudib's Crystal Spear  Conj/Erth      0%         10d2      100%        8


Dungeon Overview and Level Annotations

Branches:
Dungeon (11/15)            Temple (1/1) D:7            Lair (5/5) D:8
  Swamp (0/4) Lair:2        Snake (0/4) Lair:2        Slime (0/5) Lair:4
    Orc (0/2) D:10        Ossuary (visited)

Altars:
Ashenzari
Cheibriados
Dithmenos
Elyvilon
Fedhas
Gozag
Hepliaklqana
Kikubaaqudgha
Makhleb
Nemelex Xobeh
Okawaru
Qazlal
Ru
Sif Muna
Trog
Uskayaw
Vehumet
Wu Jian
Xom
Yredelemnul
Zin
The Shining One

Shops:
D:9 =   D:10 (

Annotations:
Lair:4 1 runed translucent door


Innate Abilities, Weirdness & Mutations

You are a living statue of rough stone.
Your actions are slow, but your melee attacks are powerful.
You are resistant to unholy torment.
Your maximum health is greatly increased.
Your life essence is reduced to manifest your ancestor. (-10% HP)
You cannot wear most types of armour.
You are amphibious.
You can wear up to eight rings at the same time.
You are immune to poison.
Your skin changes colour to match your surroundings (Stealth+).
((Your rubbery body absorbs attacks. (AC +1, EV +1)))
((You are camouflaged when in or above water. (Stealth+)))
You have tentacles for arms and can constrict up to eight enemies at once.


Message History

You block the death yak's attack. x2
Zayda hits the death yak with a +0 quarterstaff!
The death yak dies!
The death yak gores you but does no damage. x2
The death yak gores you.
You batter the death yak!!
The death yak is heavily wounded.
Zayda points at the death yak and mumbles some strange words.
The stone arrow hits the death yak!!
The death yak misses you.
The death yak gores you but does no damage.
The death yak closely misses you. The death yak gores you!
You thrash the death yak!!!
The death yak is almost dead.
Zayda hits the death yak but does no damage.
The death yak gores you!
The death yak gores you but does no damage.
The death yak gores you!! The death yak barely misses you.
Zayda hits the death yak with a +0 quarterstaff.
You batter the death yak!!
You kill the death yak!
The death yak gores you!
* * * LOW HITPOINT WARNING * * *
The death yak closely misses you. The death yak gores you.
* * * LOW HITPOINT WARNING * * *
Zayda completely misses the death yak.
The death yak gores you.
* * * LOW HITPOINT WARNING * * *
The death yak gores you.
* * * LOW HITPOINT WARNING * * *
You block the death yak's attack. The death yak attacks as you move away!
The death yak gores you!
* * * LOW HITPOINT WARNING * * *
The death yak attacks as you move away! The death yak gores you.
* * * LOW HITPOINT WARNING * * *
Zayda gestures at the death yak while chanting.
The puff of frost hits the death yak.
Unknown command.
It was a potion of might.
You feel very mighty all of a sudden. The death yak gores you.
You die...

#.#.....#
##..........
###....##
##P...........
#......#
#.............
##....P#
#.#...........
##...##
##............
....#
##...........
#....
#............
#.(..........
###..8Y.......
#....YYR......
#......†.......
##...
#...#...........
.....
................
.....
..♣~~♣♣♣♣..♣♣♣..
..... ..?~. .♣.
. ..... .~~.
♣♣♣. #.... .~ .♣


You could see the friendly Zayda the battlemage and 3 death yaks.

Vanquished Creatures
  2 dire elephants (Lair:5)
  Josephine (D:11)
  Erica (D:10)
  A hydra (D:11)
  A death knight (D:11)
  4 two-headed ogres
  7 death yaks
  2 spectral death yaks (Lair:5)
  2 bog bodies (Lair:2)
  Pikel (D:7)
  A manticore (D:11)
  An oklob plant (Lair:1)
  2 cyclopes
  3 elephants (Lair:4)
  2 black mambas
  9 cane toads
  A torpor snail (Lair:4)
  A kobold demonologist (D:9)
  A rime drake (Lair:5)
  2 unseen horrors (D:11)
  3 komodo dragons
  2 trolls
  Grinder (D:3)
  Prince Ribbit (D:7)
  A blink frog (Lair:5)
  3 slime creatures (D:11)
  A spriggan (Lair:1)
  A centaur simulacrum (D:11)
  3 wraiths (D:11)
  4 wyverns
  15 yaks
  Eustachio (D:6)
  A steam dragon (D:9)
  2 basilisks
  Menkaure (D:6)
  3 swamp worms (D:8)
  An acid dragon (D:10)
  8 water moccasins
  4 orc warriors
  Pargi (D:3)
  4 black bears
  An elephant zombie (Lair:5)
  2 sky beasts
  9 wolves
  4 phantoms
  3 centaurs
  An elephant skeleton (Lair:5)
  5 kobold brigands (D:9)
  11 bullfrogs
  2 gnoll sergeants
  A cane toad simulacrum (Lair:5)
  3 scorpions
  5 wights
  11 killer bees
  4 howler monkeys
  4 bullfrog zombies (Ossuary)
  A centaur zombie (Ossuary)
  A human zombie (Ossuary)
  3 hounds
  2 jellies
  4 gnoll boudas
  6 orc priests
  3 iguanas
  6 scorpion zombies (Ossuary)
  A sleepcap (D:6)
  10 orc wizards
  An ogre zombie (Ossuary)
  18 gnolls
  7 adders
  A shadow imp (D:7)
  An ufetubus (D:5)
  An adder zombie (Ossuary)
  A worm (D:10)
  A dart slug (D:5)
  35 orcs
  5 bats
  3 endoplasms (D:1)
  3 giant cockroaches (D:1)
  4 gnoll zombies (Ossuary)
  9 goblins
  8 hobgoblins
  6 jackals (D:1)
  6 quokkas
  6 ball pythons
  2 frilled lizards
  2 goblin zombies (Ossuary)
  3 hobgoblin zombies (Ossuary)
  15 kobolds
  3 orc zombies (Ossuary)
  2 rats
352 creatures vanquished.

Vanquished Creatures (collateral kills)
  A dire elephant (Lair:5)
  A hydra (Lair:4)
  A two-headed ogre (D:11)
  A death yak (Lair:5)
  A spectral anaconda (Lair:5)
  A spectral death yak (Lair:5)
  An obsidian statue (Lair:5)
  2 bog bodies (Lair:2)
  A necromancer (Lair:5)
  A lindwurm (Lair:3)
  6 elephants (Lair:4)
  6 cane toads
  A torpor snail (Lair:1)
  A gargoyle (D:11)
  An unseen horror (D:11)
  A komodo dragon (Lair:2)
  A polar bear (Lair:2)
  A dream sheep (Lair:1)
  3 blink frogs (Lair:5)
  2 spectral elephants (Lair:5)
  A wyvern (Lair:4)
  2 wraiths
  A slime creature (D:11)
  A shadow (D:11)
  6 yaks
  2 basilisks
  A steam dragon (D:9)
  3 nagas (Lair:2)
  An acid dragon (D:10)
  2 water moccasins
  A spectral cane toad (Lair:5)
  A black bear (Lair:3)
  7 wolves
  3 bullfrogs
  2 killer bees
  An electric eel (Lair:2)
  A howler monkey (D:11)
  4 orcs
74 creatures vanquished.

Vanquished Creatures (others)
  4 battlemagi
  3 ancestors
  A kobold (D:9)
8 creatures vanquished.

Grand Total: 434 creatures vanquished

Notes
Turn   | Place    | Note
-------+----------+-------------------------------------------
     0 | D:1      | LeprechaunX the Octopode Shapeshifter began the quest for
                  | the Orb.
     0 | D:1      | Reached XP level 1. HP: 13/13 MP: 1/1
    21 | D:1      | Reached XP level 2. HP: 18/18 MP: 2/2
   412 | D:1      | Reached XP level 3. HP: 23/23 MP: 3/3
  1334 | D:3      | Reached XP level 4. HP: 23/29 MP: 4/4
  1462 | D:3      | Identified the +0 leather armour of Failure {rC+++ Int-5
                  | Dex+3 Stlth+}
  1466 | D:3      | Noticed Pargi
  1485 | D:3      | HP: 1/43 [Pargi (4)]
  1489 | D:3      | Killed Pargi
  1490 | D:3      | Reached XP level 5. HP: 2/35 MP: 5/5
  1871 | D:3      | Found a faded altar of an unknown god.
  1950 | D:3      | Noticed Grinder
  1958 | D:3      | Killed Grinder
  1959 | D:3      | Reached skill level 5 in Unarmed Combat
  1959 | D:3      | Reached XP level 6. HP: 17/42 MP: 6/6
  2563 | D:4      | Reached skill level 4 in Shapeshifting
  2563 | D:4      | Reached XP level 7. HP: 41/46 MP: 7/7
  3505 | D:5      | Entered Level 5 of the Dungeon
  4050 | D:5      | Reached skill level 5 in Shapeshifting
  4050 | D:5      | Reached XP level 8. HP: 34/54 MP: 8/8
  4423 | D:5      | Reached skill level 6 in Shapeshifting
  4472 | D:5      | Found a burning altar of Makhleb.
  4932 | D:5      | Found a stormy altar of Qazlal.
  5111 | D:6      | Reached skill level 7 in Shapeshifting
  5148 | D:6      | Found an ancient bone altar of Kikubaaqudgha.
  5255 | D:6      | Found a sand-covered staircase.
  5268 | Ossuary  | Entered an ossuary
  5403 | Ossuary  | Reached XP level 9. HP: 44/58 MP: 9/9
  5713 | Ossuary  | Reached skill level 8 in Shapeshifting
  5789 | Ossuary  | Noticed a silent spectre
  6062 | D:6      | Noticed Menkaure
  6064 | D:6      | Killed Menkaure
  6083 | D:6      | Found a broken altar of Ashenzari.
  6265 | D:6      | Noticed Eustachio
  6270 | D:6      | Killed Eustachio
  6326 | D:6      | Reached skill level 9 in Shapeshifting
  6738 | D:7      | Noticed Pikel
  6749 | D:7      | Killed Pikel
  6750 | D:7      | Reached skill level 10 in Shapeshifting
  6750 | D:7      | Reached XP level 10. HP: 42/63 MP: 10/10
  6787 | D:7      | Noticed Prince Ribbit
  6795 | D:7      | Killed Prince Ribbit
  6796 | D:7      | Found a staircase to the Ecumenical Temple.
  6835 | Temple   | Entered the Ecumenical Temple
  7179 | D:8      | Reached skill level 11 in Shapeshifting
  7519 | D:8      | Found a blossoming altar of Fedhas.
  7519 | D:8      | Found an opulent altar of Gozag.
  7525 | D:8      | Found a bloodstained altar of Trog.
  7527 | D:8      | Found a white marble altar of Elyvilon.
  7528 | D:8      | Found a hide-covered altar of Uskayaw.
  7531 | D:8      | Found a hazy altar of Hepliaklqana.
  7534 | D:8      | Found a glowing golden altar of the Shining One.
  7547 | D:8      | Found a staircase to the Lair.
  7555 | D:8      | Became a worshipper of Hepliaklqana the Forgotten
  7594 | D:8      | Noticed a two-headed ogre
  7603 | D:8      | Killed a two-headed ogre
  7686 | D:8      | Reached skill level 12 in Shapeshifting
  8197 | D:9      | Reached XP level 11. HP: 63/69 MP: 11/11
  8276 | D:9      | Reached * piety under Hepliaklqana
  8461 | D:9      | Found Seowe's Jewellery Shoppe.
  8486 | D:9      | Reached skill level 13 in Shapeshifting
  8564 | D:9      | Noticed a cyclops
  8576 | D:9      | Killed a cyclops
  8764 | D:9      | Noticed a two-headed ogre
  8772 | D:9      | Killed a two-headed ogre
  8921 | D:10     | Entered Level 10 of the Dungeon
  8923 | D:10     | Noticed a two-headed ogre
  8928 | D:10     | Killed a two-headed ogre
  8929 | D:10     | Reached skill level 14 in Shapeshifting
  9017 | D:10     | Noticed Erica
  9027 | D:10     | Killed Erica
  9310 | D:10     | Found a staircase to the Orcish Mines.
  9312 | D:10     | Found Nompori's Weapon Shoppe.
  9485 | D:10     | Found a snail-covered altar of Cheibriados.
  9552 | D:10     | Reached ** piety under Hepliaklqana
  9553 | D:10     | Remembered your ancestor Zayda as a battlemage
  9839 | D:11     | Noticed a cyclops
  9845 | D:11     | Killed a cyclops
  9846 | D:11     | Reached skill level 1 in Invocations
  9867 | D:11     | Noticed Josephine
  9878 | D:11     | Killed Josephine
  9879 | D:11     | Reached XP level 12. HP: 66/66 MP: 11/13
  9982 | D:11     | Noticed a four-headed hydra
  9987 | D:11     | Killed a four-headed hydra
 10067 | D:11     | Reached skill level 15 in Shapeshifting
 10285 | D:11     | Noticed a two-headed ogre
 10291 | D:11     | Killed a two-headed ogre
 10372 | D:11     | Noticed a two-headed ogre
 10376 | D:11     | Killed a two-headed ogre
 10385 | D:11     | Reached skill level 5 in Invocations
 10425 | D:11     | Noticed a death knight
 10434 | D:11     | Killed a death knight
 11033 | Lair:1   | Entered Level 1 of the Lair of Beasts
 11207 | Lair:1   | Reached *** piety under Hepliaklqana
 11255 | Lair:1   | Noticed a death yak
 11263 | Lair:1   | Killed a death yak
 11681 | Lair:1   | Noticed a death yak
 11689 | Lair:1   | Killed a death yak
 11690 | Lair:1   | Reached skill level 5 in Fighting
 11690 | Lair:1   | Reached XP level 13. HP: 72/72 MP: 17/17
 11975 | Lair:2   | Reached skill level 1 in Shields
 11981 | Lair:2   | Reached skill level 16 in Shapeshifting
 12335 | Lair:2   | Found a staircase to the Snake Pit.
 12384 | Lair:2   | Reached **** piety under Hepliaklqana
 12600 | Lair:2   | Found a staircase to the Swamp.
 13283 | Lair:3   | You are sucked into a shaft and drop 2 floors!
 13283 | Lair:5   | Entered Level 5 of the Lair of Beasts
 13283 | Lair:5   | Noticed a dire elephant
 13283 | Lair:5   | Noticed a dire elephant
 13289 | Lair:5   | Killed a dire elephant
 13291 | Lair:5   | Killed a dire elephant
 13511 | Lair:5   | Noticed a dire elephant
 13516 | Lair:5   | Killed a dire elephant
 13605 | Lair:5   | Reached skill level 5 in Shields
 13682 | Lair:4   | Reached XP level 14. HP: 82/82 MP: 18/18
 14484 | Lair:4   | Learned a level 2 spell: Blink
 14586 | Lair:4   | Found a runed translucent door.
 14589 | Lair:4   | Found a staircase to the Slime Pits.
 14589 | Lair:4   | Noticed an acid blob
 14589 | Lair:4   | Noticed an acid blob
 14656 | Lair:4   | Found a runed translucent door.
 15007 | Lair:4   | Reached skill level 1 in Translocations
 15012 | Lair:4   | Reached skill level 1 in Spellcasting
 15013 | Lair:4   | Identified the +3 spear "Demonslayer" {flame, *Rage Will+
                  | Int+2 Dex+2}
 15017 | Lair:4   | Identified the +2 glaive of Lyud {flame, Str+3}
 15173 | Lair:5   | HP: 1/110 [death yak (5)]
 15174 | Lair:5   | Slain by a death yak

Illustrated notes

Levels and vault maps discovered:
D:1:      shiori_shiawase, layout_loops_cross, st_stairs_9
D:2:      layout_rooms
D:3:      layout_basic, nicolae_ecumenical_oubliette, st_stairs_7,
          kennysheep_path_1, roderic_serpentine_path, uniq_grinder, uniq_pargi
D:4:      layout_gridville
D:5:      layout_basic, mainiacjoe_overflow_catch_the_wave, minmay_starry_boxes
D:6:      layout_basic, kiku_gazebo_pond_becter, cheibrodos_ashenzari_chains,
          enter_ossuary_1, uniq_menkaure, uniq_eustachio
D:7:      layout_rooms, minmay_temple_entry_mist, uniq_pikel,
          uniq_prince_ribbit1, uniq_joseph
D:8:      layout_basic, nicolae_overflow_hallway_of_the_gods, dpeg_oklobed_lair,
          serial_rivers, chequers_serial_rivers_micro_e,
          chequers_serial_rivers_large_a, chequers_serial_rivers_micro_a,
          chequers_serial_rivers_small_b, worms_lemuel
D:9:      layout_cave_pools, serial_shops, nicolae_shop_advertising_works
          [nicolae_subvault_shop_adworks], onia_ninara_cookie
D:10:     layout_long_grid, slow_altar_1, orc_david_3, uniq_erica
D:11:     minmay_opposing_rooms, layout_long_grid, uniq_josephine
Temple:   nicolae_temple_two_arcs
Lair:1:   layout_regular_city, minmay_holes, grunt_forest_large_clearing_hut,
          infiniplex_staircase_pool_2
Lair:2:   layout_loops_ring, nicolae_swamp_entry_splash_gauntlet,
          nicolae_snake_entry_squirm, nicolae_quartered_pool_super
Lair:3:   layout_cave_pods
Lair:4:   layout_regular_city, slime_entry_2, nicolae_lair_lil_pond,
          pf_torpor_hydra
Lair:5:   due_jungle_book, layout_long_grid, guppyfry_lair_drakes

Skill      XL: |  1  2  3  4  5  6  7  8  9 10 11 12 13 14 |
---------------+-------------------------------------------+-----
Fighting       | 2 3 4 5 7 8 |  8.3
Dodging        | 3 4 |  4.0
Unarmed Combat | 4 5 6 8 9 |  9.5
Shapeshifting  | 4 5 7 10 12 14 15 16 | 16.7
Invocations    | 2 6 |  6.0
Shields        | 5 6 |  6.4
Translocations | 1 |  1.5
Spellcasting   | 1 |  1.5

Action                     |  1- 3 |  4- 6 |  7- 9 | 10-12 | 13-15 || total
---------------------------+-------+-------+-------+-------+-------++-------
  Melee: Unarmed           |    62 |    62 |   243 |   366 |   208 ||   941
         Constrict         |    14 |    12 |    63 |    55 |    24 ||   168
         Tentacles         |     9 |     9 |    53 |    94 |    58 ||   223
         Punch             |     2 |       |    11 |    19 |     8 ||    40
   Fire: Orcbow            |       |       |    17 |     4 |       ||    21
 Invoke: Ancestor Life: Ba |       |       |       |     1 |       ||     1
         Recall Ancestor   |       |       |       |       |     2 ||     2
         Idealise          |       |       |       |       |     1 ||     1
    Use: Potion            |       |     1 |       |       |     1 ||     2
   Stab: Sleeping          |     3 |     2 |     8 |     1 |     3 ||    17
         Distracted        |       |       |       |     5 |     7 ||    12
 Armour: Skin              |     3 |    18 |    17 |   343 |   121 ||   502
  Dodge: Dodged            |    45 |    31 |   148 |   344 |   160 ||   728
  Block: Buckler           |       |       |       |       |   108 ||   108
   Form: Statue            |       |       |     1 |       |       ||     1

Table legend: (Time is in decaauts)
 A = Elapsed time spent in this place.
 B = Non-inter-level travel time spent in this place.
 C = Inter-level travel time spent in this place.
 D = Time resting spent in this place.
 E = Time spent auto-exploring this place.
 F = Levels seen in this place.
 G = Mean time per level.
                   A        B        C        D        E       F      G
               +--------+--------+--------+--------+--------+-----+--------+
         Total |  19446 |  18641 |    805 |   2358 |  13256 |  18 | 1080.3 |
       Dungeon |  12687 |  12145 |    542 |   1841 |   8379 |  11 | 1153.4 |
        Temple |     23 |     23 |      0 |      0 |      0 |   1 |   23.0 |
          Lair |   6182 |   5920 |    262 |    292 |   4740 |   5 | 1236.4 |
       Ossuary |    553 |    553 |      0 |    224 |    137 |   1 |  553.0 |
               +--------+--------+--------+--------+--------+-----+--------+

Top non-repeatable levels by time:
    D:11: 1830 daAuts
  Lair:4: 1594 daAuts
     D:8: 1518 daAuts
  Lair:1: 1400 daAuts
     D:5: 1321 daAuts
     D:9: 1298 daAuts
  Lair:2: 1290 daAuts
    D:10: 1272 daAuts
  Lair:3: 1263 daAuts
     D:4: 1198 daAuts
     D:3: 1194 daAuts
     D:6: 892 daAuts
     D:7: 839 daAuts
     D:1: 830 daAuts
  Lair:5: 632 daAuts
